 Dungeon Crawl Stone Soup version 0.29.1-1-gd02db6906a (webtiles) character file.

Game seed: 10256104432482318677

10324 DocClef the Blocker (level 11, -23/89 HPs)
             Began as a Gnoll Fighter on Oct 20, 2022.
             Was a Priest of Dithmenos.
             Annihilated by a death yak simulacrum (36 damage)
             ... in an ice cave.
             The game lasted 00:19:48 (10560 turns).

DocClef the Blocker (Gnoll Fighter)                Turns: 10560, Time: 00:19:49

Health: -23/89     AC: 19    Str: 18    XL:     11   Next: 60%
Magic:  21/21      EV: 11    Int:  7    God:    Dithmenos [***...]
Gold:   612        SH:  7    Dex: 20    Spells: 23/23 levels left

rFire   . . .      SeeInvis .   q - +7 Throatcutter {drain, coup de grace}
rCold   . . .      Faith    .   c - +0 buckler
rNeg    . . .      Spirit   .   f - +0 chain mail
rPois   .          Reflect  .   s - +2 helmet
rElec   .          Harm     .   y - +0 cloak
rCorr   .          Rampage  .   G - +0 pair of gloves
Will    +....                   P - +0 pair of boots
Stlth   +.........              (no amulet)
HPRegen 0.24/turn               b - +6 ring of dexterity
MPRegen 0.17/turn               t - ring of willpower

@: wreathed by umbra
A: fangs 1, strong nose, distributed training
a: Renounce Religion, Shadow Step


You were in an ice cave.
You worshipped Dithmenos.
Dithmenos was most pleased with you.
You visited 2 branches of the dungeon, and saw 12 of its levels.
You also visited: Ice Cave.

You collected 612 gold pieces.

Inventory:

Hand Weapons
 a - a +1 war axe
 q - the +7 Throatcutter (weapon) {drain, coup de grace}
   (You found it on level 7 of the Dungeon)

   A truly terrible weapon, it drains the life of any living foe it strikes.
   It may instantly kill foes which have little health.
 A - the +7 spear of Buatt {pain, Contam rCorr Dex+4}
   (You found it on level 3 of the Dungeon)

   In the hands of one skilled in necromantic magic, it inflicts extra damage on
   living creatures.
   Dex:       It affects your dexterity (+4).
   Contam:    It causes magical contamination when unequipped.
   rCorr:     It protects you from acid and corrosion.
Missiles
 g - 5 javelins (quivered)
 R - 2 throwing nets
Armour
 c - a +0 buckler (worn)
 f - a +0 chain mail (worn)
 s - a +2 helmet (worn)
 y - a +0 cloak (worn)
 G - a +0 pair of gloves (worn)
 P - a +0 pair of boots (worn)
Jewellery
 b - a +6 ring of dexterity (left hand)
 t - a ring of willpower (right hand)
 J - a ring of willpower
 V - a ring of positive energy
Wands
 n - a wand of flame (22)
 p - a wand of digging (1)
 r - a wand of quicksilver (1)
 x - a wand of polymorph (18)
 O - a wand of iceblast (5)
 S - a wand of paralysis (3)
Scrolls
 e - 14 scrolls of identify {unknown}
 j - a scroll of enchant weapon
 l - 2 scrolls of enchant armour
 o - a scroll of poison
 u - 2 scrolls of vulnerability
 B - a scroll of silence
 H - a scroll of immolation
 I - a scroll of magic mapping
 L - a scroll of fog {unknown}
 Q - a scroll of blinking {unknown}
 T - a scroll of amnesia {unknown}
 U - a scroll of teleportation {unknown}
Potions
 d - 2 potions of heal wounds
 h - 2 potions of lignification {unknown}
 i - 4 potions of curing {unknown}
 k - a potion of degeneration {unknown}
 v - a potion of haste {unknown}
 w - 2 potions of brilliance {unknown}
 z - 2 potions of ambrosia {unknown}
 D - 2 potions of resistance {unknown}
 F - 2 potions of attraction {unknown}
 K - 3 potions of flight {unknown}
 M - a potion of berserk rage {unknown}
 W - a potion of invisibility {unknown}


   Skills:
 + Level 9.4 Fighting
 + Level 6.7 Short Blades
 + Level 6.7 Long Blades
 + Level 8.2 Axes
 + Level 6.7 Maces & Flails
 + Level 6.7 Polearms
 + Level 6.7 Staves
 + Level 6.7 Ranged Weapons
 + Level 6.7 Throwing
 + Level 9.4 Armour
 + Level 6.7 Dodging
 + Level 6.7 Stealth
 + Level 9.4 Shields
 + Level 6.7 Unarmed Combat
 + Level 6.7 Spellcasting
 + Level 5.5 Conjurations
 + Level 5.5 Hexes
 + Level 5.5 Summonings
 + Level 5.5 Necromancy
 + Level 5.5 Translocations
 + Level 5.5 Transmutations
 + Level 5.5 Fire Magic
 + Level 5.5 Ice Magic
 + Level 5.5 Air Magic
 + Level 5.5 Earth Magic
 + Level 5.5 Poison Magic
 + Level 7.3 Invocations
 + Level 6.7 Evocations


You had 23 spell levels left.
You didn't know any spells.
Your spell library contained the following spells:

 Spells                   Type           Power      Damage    Failure   Level
 Slow                     Hex            40%        N/A       26%         1
 Confusing Touch          Hex            10%        N/A       63%         3
 Vampiric Draining        Necr           10%        2d6       63%         3


Dungeon Overview and Level Annotations

Branches:
Dungeon (11/15)            Temple (1/1) D:5            Lair (0/5) D:11
  IceCv (1/1)
    Orc: D:9-12

Altars:
Cheibriados
Dithmenos
Elyvilon
Fedhas
Gozag
Hepliaklqana
Kikubaaqudgha
Makhleb
Nemelex Xobeh
Okawaru
Qazlal
Ru
Sif Muna
Uskayaw
Vehumet
Wu Jian
Xom
Yredelemnul
Zin
The Shining One
Jiyva

Shops:
D:5 [([(

Annotations:
D:3 2 transporters, quakins's ghost, amateur FoAK
D:11 mortz's ghost, journeyman KoCj


Innate Abilities, Weirdness & Mutations

You have very sharp teeth.
Your uncanny sense of smell can sniff out nearby items.
Your experience applies equally to all skills.


Message History

The death yak simulacrum is heavily damaged.
The death yak simulacrum gores you! The death yak simulacrum freezes you!!!
You are too injured to fight recklessly!
You are too injured to fight recklessly!
You are too injured to fight recklessly!
You slash the death yak simulacrum!
You put the death yak simulacrum out of its misery!
The death yak simulacrum vaporises!
Dithmenos accepts your kill. The elephant simulacrum tramples you.
You stumble backwards!
You slash the elephant simulacrum!
You put the elephant simulacrum out of its misery!
The elephant simulacrum vaporises!
Dithmenos accepts your kill.
You hit the cane toad simulacrum.
You bite the cane toad simulacrum, but do no damage.
The cane toad simulacrum is lightly damaged.
The cane toad simulacrum barely misses you.
You completely miss the cane toad simulacrum.
The cane toad simulacrum is lightly damaged.
The cane toad simulacrum misses you.
You slash the cane toad simulacrum!
You put the cane toad simulacrum out of its misery!
The cane toad simulacrum vaporises!
Dithmenos accepts your kill.
The death yak simulacrum gores you but does no damage.
You slash the death yak simulacrum!
The death yak simulacrum is moderately damaged.
You block the death yak simulacrum's attack.
You hit the death yak simulacrum.
The death yak simulacrum is moderately damaged.
You completely miss the death yak simulacrum.
The death yak simulacrum is moderately damaged.
The death yak simulacrum gores you but does no damage.
You hit the death yak simulacrum. You bite the death yak simulacrum.
The death yak simulacrum is heavily damaged.
The death yak simulacrum gores you!
* * * LOW HITPOINT WARNING * * *
The death yak simulacrum freezes you!!!
You die...

#)...../#
#.......#
.......
..... ...
##.##
##...##
##Z°...##
#..@∩...#
#.......#
#.......#
#...∩...#
#.......#
#########


You could see a death yak simulacrum.

Vanquished Creatures
  Harold (D:10)
  2 centaur zombies (D:10)
  6 kobold demonologists
  2 unseen horror zombies (D:10)
  A troll (D:10)
  A meliai zombie (D:10)
  Sigmund (D:3)
  A vampire (D:10)
  A wraith (D:10)
  3 wyverns
  3 yaks (D:8)
  2 humans (D:10)
  A death yak simulacrum (IceCv)
  Menkaure (D:7)
  2 acid dragons
  2 water moccasins
  3 orc warriors
  6 sky beasts
  An ogre (D:5)
  A black bear (D:5)
  2 phantoms
  3 kobold brigands
  3 bullfrogs
  2 scorpions
  3 gnoll sergeants
  4 necrophages
  A cane toad simulacrum (IceCv)
  3 wights (D:7)
  3 killer bees (D:5)
  An elephant simulacrum (IceCv)
  A howler monkey (D:5)
  2 hounds
  A human zombie (D:10)
  7 orc priests
  Crazy Yiuf (D:2)
  A gnoll bouda (D:8)
  2 iguanas
  Terence (D:2)
  13 orc wizards
  3 mummies (D:10)
  Robin (D:2)
  22 gnolls
  10 adders
  A white imp (D:5)
  An ufetubus (D:4)
  A worm (D:2)
  2 dart slugs
  45 orcs
  6 endoplasms
  4 giant cockroaches
  17 goblins
  7 hobgoblins
  11 jackals
  3 quokkas
  9 ball pythons
  8 bats
  4 frilled lizards
  13 kobolds
  11 rats
274 creatures vanquished.

Vanquished Creatures (collateral kills)
  A troll (D:11)
  A slime creature (D:11)
  3 jellies (D:11)
5 creatures vanquished.

Vanquished Creatures (others)
  An orc wizard (D:8)
  A bat (D:3)
  8 plants
10 creatures vanquished.

Grand Total: 289 creatures vanquished

Notes
Turn   | Place    | Note
-------+----------+-------------------------------------------
     0 | D:1      | DocClef the Gnoll Fighter began the quest for the Orb.
     0 | D:1      | Reached XP level 1. HP: 23/23 MP: 1/1
    94 | D:1      | Reached XP level 2. HP: 28/29 MP: 2/2
   433 | D:1      | Reached XP level 3. HP: 35/35 MP: 3/3
   762 | D:1      | Reached skill level 1 in Invocations
  1076 | D:2      | You fall into a shaft and drop 1 floor!
  1105 | D:3      | Reached skill level 1 in Short Blades
  1105 | D:3      | Reached skill level 1 in Long Blades
  1105 | D:3      | Reached skill level 1 in Maces & Flails
  1105 | D:3      | Reached skill level 1 in Polearms
  1105 | D:3      | Reached skill level 1 in Staves
  1105 | D:3      | Reached skill level 1 in Ranged Weapons
  1105 | D:3      | Reached skill level 1 in Throwing
  1105 | D:3      | Reached skill level 1 in Dodging
  1105 | D:3      | Reached skill level 1 in Stealth
  1105 | D:3      | Reached skill level 1 in Unarmed Combat
  1105 | D:3      | Reached skill level 1 in Spellcasting
  1105 | D:3      | Reached skill level 1 in Evocations
  1138 | D:3      | Reached XP level 4. HP: 41/41 MP: 5/5
  1145 | D:3      | Found a glowing silver altar of Zin.
  1150 | D:3      | Found a white marble altar of Elyvilon.
  1191 | D:3      | Found an opulent altar of Gozag.
  1207 | D:3      | Noticed Sigmund
  1215 | D:3      | Killed Sigmund
  1216 | D:3      | Reached skill level 1 in Conjurations
  1216 | D:3      | Reached skill level 1 in Hexes
  1216 | D:3      | Reached skill level 1 in Summonings
  1216 | D:3      | Reached skill level 1 in Necromancy
  1216 | D:3      | Reached skill level 1 in Translocations
  1216 | D:3      | Reached skill level 1 in Transmutations
  1216 | D:3      | Reached skill level 1 in Fire Magic
  1216 | D:3      | Reached skill level 1 in Ice Magic
  1216 | D:3      | Reached skill level 1 in Air Magic
  1216 | D:3      | Reached skill level 1 in Earth Magic
  1216 | D:3      | Reached skill level 1 in Poison Magic
  1216 | D:3      | Reached XP level 5. HP: 47/47 MP: 5/7
  1258 | D:3      | Identified the +0 halberd of Qiziah {vamp, MP+9}
  1317 | D:3      | Identified the +7 spear of Buatt {pain, Contam rCorr Dex+4}
  1322 | D:3      | Found a transporter.
  1322 | D:3      | Found a transporter.
  1355 | D:2      | Reached XP level 6. HP: 53/53 MP: 8/8
  1495 | D:2      | Noticed Robin
  1517 | D:2      | Killed Robin
  1518 | D:2      | Reached skill level 5 in Axes
  1723 | D:2      | Found a faded altar of an unknown god.
  1862 | D:2      | Found a glowing silver altar of Zin.
  1891 | D:2      | Identified the +2 robe "Badacaw" {Str+6 Int-4 SInv}
  1924 | D:2      | Noticed Terence
  1941 | D:2      | Killed Terence
  2456 | D:2      | Found a runed translucent door.
  2457 | D:2      | Noticed Crazy Yiuf
  2495 | D:2      | Killed Crazy Yiuf
  2854 | D:3      | Found a sacrificial altar of Ru.
  2882 | D:3      | Noticed quakins's ghost (amateur FoAK)
  2925 | D:3      | Reached XP level 7. HP: 32/60 MP: 10/10
  3345 | D:4      | Found a snail-covered altar of Cheibriados.
  4404 | D:5      | Entered Level 5 of the Dungeon
  4404 | D:5      | Found Lata's Weapon Boutique.
  4554 | D:5      | Found Ojenouk's Antique Weapon Emporium.
  4605 | D:5      | Reached XP level 8. HP: 54/67 MP: 12/12
  5075 | D:5      | Found Xasouwn's Antique Armour Emporium.
  5106 | D:5      | Found Zohialis's Antique Armour Shop.
  5198 | D:5      | Found a staircase to the Ecumenical Temple.
  5224 | Temple   | Entered the Ecumenical Temple
  5313 | Temple   | Became a worshipper of Dithmenos the Shadowed
  6140 | D:6      | Reached XP level 9. HP: 46/73 MP: 14/14
  6291 | D:6      | Reached * piety under Dithmenos
  6428 | D:6      | Found an ornate altar of the Wu Jian Council.
  6730 | D:7      | Found the +7 Throatcutter {drain, coup de grace}
  6730 | D:7      | Noticed a kobold demonologist
  6730 | D:7      | Noticed a kobold demonologist
  6730 | D:7      | Noticed a kobold demonologist
  6730 | D:7      | Noticed a kobold demonologist
  6730 | D:7      | Noticed a kobold demonologist
  6731 | D:7      | Noticed a hellwing
  6734 | D:7      | Noticed a hellwing
  6738 | D:7      | Noticed an orange demon
  6740 | D:7      | Killed a kobold demonologist
  6748 | D:7      | Killed a kobold demonologist
  6749 | D:7      | Reached skill level 5 in Invocations
  6751 | D:7      | Noticed a hellwing
  6754 | D:7      | Killed a kobold demonologist
  6758 | D:7      | Killed a kobold demonologist
  6763 | D:7      | Noticed a soul eater
  6765 | D:7      | Noticed an ice devil
  6774 | D:7      | Noticed a red devil
  6778 | D:7      | Killed a kobold demonologist
  6779 | D:7      | Reached skill level 5 in Short Blades
  6779 | D:7      | Reached skill level 5 in Long Blades
  6779 | D:7      | Reached skill level 5 in Maces & Flails
  6779 | D:7      | Reached skill level 5 in Polearms
  6779 | D:7      | Reached skill level 5 in Staves
  6779 | D:7      | Reached skill level 5 in Ranged Weapons
  6779 | D:7      | Reached skill level 5 in Throwing
  6779 | D:7      | Reached skill level 5 in Dodging
  6779 | D:7      | Reached skill level 5 in Stealth
  6779 | D:7      | Reached skill level 5 in Unarmed Combat
  6779 | D:7      | Reached skill level 5 in Spellcasting
  6779 | D:7      | Reached skill level 5 in Evocations
  6779 | D:7      | Reached XP level 10. HP: 55/81 MP: 17/17
  7043 | D:7      | Noticed Menkaure
  7049 | D:7      | Killed Menkaure
  7235 | D:7      | Reached ** piety under Dithmenos
  7333 | D:7      | Found a shimmering blue altar of Sif Muna.
  7333 | D:7      | Found a hazy altar of Hepliaklqana.
  8401 | D:9      | Noticed a boulder beetle
  9009 | D:10     | Entered Level 10 of the Dungeon
  9015 | D:10     | Noticed Harold
  9016 | D:10     | Noticed a kobold demonologist
  9029 | D:10     | Killed Harold
  9032 | D:10     | Killed a kobold demonologist
  9033 | D:10     | Reached skill level 5 in Conjurations
  9033 | D:10     | Reached skill level 5 in Hexes
  9033 | D:10     | Reached skill level 5 in Summonings
  9033 | D:10     | Reached skill level 5 in Necromancy
  9033 | D:10     | Reached skill level 5 in Translocations
  9033 | D:10     | Reached skill level 5 in Transmutations
  9033 | D:10     | Reached skill level 5 in Fire Magic
  9033 | D:10     | Reached skill level 5 in Ice Magic
  9033 | D:10     | Reached skill level 5 in Air Magic
  9033 | D:10     | Reached skill level 5 in Earth Magic
  9033 | D:10     | Reached skill level 5 in Poison Magic
  9033 | D:10     | Reached XP level 11. HP: 76/89 MP: 18/20
  9595 | D:10     | Reached *** piety under Dithmenos
  9683 | D:10     | Found a basalt altar of Yredelemnul.
 10091 | D:10     | Found a stormy altar of Qazlal.
 10151 | D:10     | Found an iron altar of Okawaru.
 10461 | D:11     | Found a viscous altar of Jiyva.
 10516 | D:11     | Noticed mortz's ghost (journeyman KoCj)
 10529 | D:11     | Found a frozen archway.
 10544 | IceCv    | Entered an ice cave
 10560 | IceCv    | Annihilated by a death yak simulacrum

Illustrated notes

Levels and vault maps discovered:
D:1:      onia_arrival_handbag, layout_basic, st_stairs_2,
          dreamdust_wishing_well
D:2:      layout_loops_ring, basic_altar, basic_ecumenical_altar,
          kennysheep_generic_room_11, uniq_robin, uniq_terence,
          uniq_crazy_yiuf_cottage
D:3:      layout_rooms, pdpol_temple_overflow_zin_treasury_gozag_greed,
          elyvilon_altar_4, nicolae_ru_the_path_less_chosen,
          gammafunk_ghost_gnarly_gnolls, grunt_ministairs_11, uniq_sigmund
D:4:      layout_layer_cave, lemuel_crystal_altar
D:5:      layout_rooms, minmay_temple_entry_large_hall, serial_shops,
          nicolae_shop_competitors_out_of_business, kennysheep_little_box,
          kennysheep_mini_moat, shop
D:6:      layout_basic, nicolae_wu_jian_immortal_techniques,
          grunt_decor_mini_mirrors, hangedman_decor_points,
          minmay_crystal_water, hangedman_abyss_or_decor_passed
D:7:      layout_basic, jmf_multi_god_temple, dilly_guarded_unrand_throatcut,
          uniq_menkaure
D:8:      layout_loops_ring, minmay_misc_feat_plants, kennysheep_windowed_goal
D:9:      layout_layer_cave, overflow_temple_1_default, kennysheep_mini,
          david_orc_2
D:10:     layout_irregular_city, okawaru_humans, grunt_qazlal_sundering,
          lemuel_mausoleum_altar_yredelemnul, uniq_harold
D:11:     layout_stronghold, david_lair_shrubbed,
          portal_ice_cave_entry_pillars_1, hellmonk_ghost_big_iron,
          jiyva_altar_1
Temple:   dpeg_three_leaves_temple
IceCv:    ice_cave_statue_garden_chambered

Skill      XL: |  1  2  3  4  5  6  7  8  9 10 11 |
---------------+----------------------------------+-----
Invocations    | 1 2 3 4 5 6 7 |  7.3
Short Blades   | 1 2 3 5 6 |  6.7
Long Blades    | 1 2 3 5 6 |  6.7
Maces & Flails | 1 2 3 5 6 |  6.7
Polearms       | 1 2 3 5 6 |  6.7
Staves         | 1 2 3 5 6 |  6.7
Ranged Weapons | 1 2 3 5 6 |  6.7
Throwing       | 1 2 3 5 6 |  6.7
Dodging        | 1 2 3 5 6 |  6.7
Stealth        | 1 2 3 5 6 |  6.7
Unarmed Combat | 1 2 3 5 6 |  6.7
Spellcasting   | 1 2 3 5 6 |  6.7
Evocations     | 1 2 3 5 6 |  6.7
Conjurations   | 1 2 3 4 5 |  5.5
Hexes          | 1 2 3 4 5 |  5.5
Summonings     | 1 2 3 4 5 |  5.5
Necromancy     | 1 2 3 4 5 |  5.5
Translocations | 1 2 3 4 5 |  5.5
Transmutations | 1 2 3 4 5 |  5.5
Fire Magic     | 1 2 3 4 5 |  5.5
Ice Magic      | 1 2 3 4 5 |  5.5
Air Magic      | 1 2 3 4 5 |  5.5
Earth Magic    | 1 2 3 4 5 |  5.5
Poison Magic   | 1 2 3 4 5 |  5.5
Axes           | 5 6 7 8 |  8.2
Fighting       | 7 8 9 |  9.4
Armour         | 7 8 9 |  9.4
Shields        | 7 8 9 |  9.4

Action                   |  1- 3 |  4- 6 |  7- 9 | 10-12 || total
-------------------------+-------+-------+-------+-------++-------
Melee: War axe           |   100 |   151 |       |       ||   251
       Bite              |     8 |    12 |    32 |    50 ||   102
       Spear             |       |       |   271 |       ||   271
       Long sword        |       |       |       |   299 ||   299
Throw: Javelin           |       |       |       |     1 ||     1
Evoke: Wand              |       |       |     7 |       ||     7
  Use: Potion            |       |     1 |     1 |       ||     2
       Scroll            |       |       |       |    10 ||    10
Armor: Scale mail        |    29 |       |       |       ||    29
       Chain mail        |    20 |   106 |   109 |   145 ||   380
       Skin              |       |     1 |       |       ||     1
Dodge: Dodged            |    40 |    53 |    92 |   145 ||   330
Block: Buckler           |    30 |    44 |    75 |   109 ||   258
